 Dungeon Crawl Stone Soup version 0.21.1-1-g345015f (webtiles) character file.

5658 wojtek the Cleaver (level 10, 0/86 HPs)
             Began as a Minotaur Fighter on July 23, 2018.
             Was a Believer of Makhleb.
             Slain by a two-headed ogre
             ... wielding a +0 giant spiked club
              (19 damage)
             ... on level 8 of the Dungeon.
             The game lasted 00:11:56 (7934 turns).

wojtek the Cleaver (Minotaur Fighter)               Turns: 7934, Time: 00:11:57

Health: 0/86       AC: 15    Str: 24    XL:     10   Next: 46%
Magic:  22/22      EV:  7    Int:  5    God:    Makhleb [**....]
Gold:   279        SH: 11    Dex: 10    Spells: 9/9 levels left

rFire    . . .     SeeInvis .   a - +0 war axe
rCold    + . .     Gourm    .   c - +0 shield
rNeg     . . .     Faith    .   C - +0 plate armour
rPois    .         Spirit   .   (helmet restricted)
rElec    .         Reflect  .   (no cloak)
rCorr    .         Harm     .   r - +0 pair of gloves
MR       .....                  b - +0 pair of boots
Stlth    ..........             (no amulet)
HPRegen  0.24/turn              p - ring of magical power (curse)
MPRegen  0.18/turn              q - ring of protection from cold

@: no status effects
A: retaliatory headbutt, horns 2
a: Minor Destruction, Renounce Religion


You were on level 8 of the Dungeon.
You worshipped Makhleb.
Makhleb was pleased with you.
You were not hungry.

You visited 2 branches of the dungeon, and saw 9 of its levels.
You also visited: Sewer.

You collected 279 gold pieces.

Inventory:

Hand Weapons
 a - a +0 war axe (weapon)
Armour
 b - a +0 pair of boots (worn)
 c - a +0 shield (worn)
 r - a +0 pair of gloves (worn)
 C - a +0 plate armour (worn)
Jewellery
 e - an uncursed ring of positive energy
 o - an uncursed ring of positive energy
 p - a cursed ring of magical power (left hand)
 q - a ring of protection from cold (right hand)
 K - an uncursed ring of resist corrosion {unknown}
 N - a +3 ring of intelligence {unknown}
Wands
 t - a wand of flame (11)
 z - a wand of enslavement (6)
 F - a wand of acid (9)
 H - a wand of iceblast (6)
 J - a wand of digging (29)
 M - a wand of disintegration (11)
Scrolls
 g - a scroll of immolation {unknown}
 h - 5 scrolls of identify
 i - 2 scrolls of remove curse
 j - 5 scrolls of enchant armour
 l - 6 scrolls of teleportation
 m - 2 scrolls of fear {unknown}
 s - 2 scrolls of enchant weapon {unknown}
 u - a scroll of amnesia {unknown}
 v - 3 scrolls of noise {unknown}
 x - a scroll of blinking {unknown}
 y - 3 scrolls of fog {unknown}
 D - 2 scrolls of torment {unknown}
Potions
 d - 3 potions of might
 k - 3 potions of haste
 n - 7 potions of curing {unknown}
 w - a potion of brilliance {unknown}
 A - 4 potions of agility
 B - 2 potions of flight {unknown}
 E - a potion of degeneration {unknown}
 G - 2 potions of berserk rage {unknown}
 I - 2 potions of invisibility {unknown}
Comestibles
 f - 7 rations
 L - 10 chunks of flesh


   Skills:
 + Level 7.3 Fighting
 + Level 10.0 Axes
 + Level 7.2 Armour
 + Level 5.6 Dodging
 + Level 7.3 Shields
 * Level 6.4 Invocations
 + Level 4.5 Evocations


You had 9 spell levels left.
You didn't know any spells.

Dungeon Overview and Level Annotations

Branches:
Dungeon (8/15)             Temple (1/1) D:5            Lair (0/6) D:8

Altars:
Dithmenos
Fedhas
Gozag
Kikubaaqudgha
Makhleb
Nemelex Xobeh
Okawaru
Sif Muna
Trog
Uskayaw
Vehumet
Xom
Yredelemnul
Zin
The Shining One


Innate Abilities, Weirdness & Mutations

You reflexively headbutt those who attack you in melee.
You have a pair of horns on your head.


Message History

The two-headed ogre is severely wounded.
The orc wizard mumbles some strange words.
The orc wizard seems to speed up.
The orc wizard gestures wildly while chanting.
The orc wizard blinks!
You hit the two-headed ogre.
The two-headed ogre is severely wounded.
The two-headed ogre hits you with a giant spiked club!!
* * * LOW HITPOINT WARNING * * *
The two-headed ogre hits you with a dire flail.
* * * LOW HITPOINT WARNING * * *
You hit the two-headed ogre.
Your headbutt misses the two-headed ogre.
The two-headed ogre is severely wounded.
The two-headed ogre hits you but does no damage. x2
You hit the two-headed ogre.
The two-headed ogre is severely wounded.
You closely miss the orc wizard.
The two-headed ogre hits you with a giant spiked club!!
You die...

###########
######.........#
#....#.........#
#....'.........#
#....#.........#
#....#.........#
#..###.....>...#########
###..#####'#..............
#.......O@.#..............
#..>.....o.#..............
#..........#..............
#..........#..............
#..........#..)...........
#.<..##....##'#########)##
#....##....##.........†...
#....##...................
#######...................


You could see a two-headed ogre and an orc wizard.

Vanquished Creatures
  A two-headed ogre (D:8)
  Prince Ribbit (D:6)
  2 hippogriffs (D:7)
  A wyvern (D:8)
  2 hungry ghosts
  2 porcupines (D:8)
  A black bear (D:7)
  2 ice beasts (D:6)
  4 ogres
  An eye of draining (D:7)
  2 orc warriors
  3 centaurs
  A crocodile (D:8)
  2 big kobolds (Sewer)
  3 bullfrogs
  3 scorpions
  11 killer bees (D:7)
  12 wights
  4 howler monkeys
  A crimson imp (D:5)
  A bullfrog zombie (D:5)
  5 hounds
  A jelly (D:7)
  8 orc wizards
  A bullfrog skeleton (D:8)
  A centaur skeleton (D:6)
  2 iguanas
  Ijyb (D:4)
  5 worker ants
  2 killer bee zombies
  A howler monkey zombie (D:7)
  9 adders
  5 river rats (Sewer)
  2 shadow imps
  2 oozes
  2 adder skeletons
  An adder zombie (D:5)
  6 worms
  3 dart slugs
  5 leopard geckos
  26 orcs
  9 giant cockroaches
  7 goblins
  5 hobgoblins
  4 jackals (D:4)
  23 kobolds
  5 quokkas
  7 ball pythons
  3 bats (D:1)
  7 frilled lizards
  A leopard gecko skeleton (D:4)
  A leopard gecko zombie (D:6)
  22 rats
242 creatures vanquished.

Vanquished Creatures (others)
  A killer bee (D:7)
1 creature vanquished.

Grand Total: 243 creatures vanquished

Notes
Turn   | Place    | Note
-------+----------+-------------------------------------------
     0 | D:1      | wojtek the Minotaur Fighter began the quest for the Orb.
     0 | D:1      | Reached XP level 1. HP: 19/19 MP: 0/0
    74 | D:1      | Reached skill level 3 in Axes
    77 | D:1      | Reached XP level 2. HP: 25/26 MP: 1/1
   144 | D:1      | Reached skill level 4 in Axes
   263 | D:1      | Reached XP level 3. HP: 31/31 MP: 2/2
   848 | D:2      | Reached skill level 5 in Axes
   954 | D:2      | Reached XP level 4. HP: 39/39 MP: 3/3
  1387 | D:3      | Found a glowing golden altar of the Shining One.
  1599 | D:3      | Reached skill level 6 in Axes
  2105 | D:4      | Reached XP level 5. HP: 45/45 MP: 4/4
  2209 | D:4      | Reached skill level 7 in Axes
  2346 | D:4      | Noticed Ijyb
  2378 | D:4      | Killed Ijyb
  2478 | D:4      | Reached XP level 6. HP: 28/51 MP: 5/5
  2486 | D:4      | Found a glowing drain.
  2490 | Sewer    | Entered a sewer
  2905 | Sewer    | Reached skill level 1 in Dodging
  2959 | Sewer    | Reached skill level 1 in Evocations
  3274 | D:4      | Reached skill level 8 in Axes
  3274 | D:4      | Reached XP level 7. HP: 59/59 MP: 6/6
  3571 | D:5      | Entered Level 5 of the Dungeon
  4531 | D:5      | Found a staircase to the Ecumenical Temple.
  4886 | Temple   | Entered the Ecumenical Temple
  4971 | Temple   | Became a worshipper of Makhleb the Destroyer
  5091 | D:6      | Reached skill level 1 in Invocations
  5091 | D:6      | Reached XP level 8. HP: 61/67 MP: 8/8
  5136 | D:6      | Noticed Prince Ribbit
  5155 | D:6      | Killed Prince Ribbit
  5155 | D:6      | Reached skill level 5 in Fighting
  5155 | D:6      | Reached skill level 5 in Armour
  5155 | D:6      | Reached skill level 5 in Shields
  6083 | D:7      | Noticed a hippogriff
  6091 | D:7      | Killed a hippogriff
  6091 | D:7      | Reached * piety under Makhleb
  6091 | D:7      | Reached skill level 9 in Axes
  6091 | D:7      | Reached XP level 9. HP: 68/75 MP: 10/10
  6733 | D:7      | Reached skill level 5 in Invocations
  6929 | D:7      | Reached ** piety under Makhleb
  7097 | D:7      | Reached skill level 5 in Dodging
  7363 | D:8      | Reached XP level 10. HP: 84/84 MP: 13/13
  7375 | D:8      | Noticed a two-headed ogre
  7838 | D:8      | Found a staircase to the Lair.
  7876 | D:8      | Noticed a two-headed ogre
  7888 | D:8      | Killed a two-headed ogre
  7916 | D:8      | Reached skill level 10 in Axes
  7934 | D:8      | Slain by a two-headed ogre

Skill      XL: |  1  2  3  4  5  6  7  8  9 10 |
---------------+-------------------------------+-----
Axes           | 3 4 5 6 7 8 9 10 | 10.0
Dodging        | 1 2 3 5 |  5.6
Fighting       | 4 5 6 7 |  7.3
Armour         | 4 5 6 7 |  7.2
Shields        | 4 5 6 7 |  7.3
Evocations     | 1 2 3 4 |  4.5
Invocations    | 1 3 5 6 |  6.4

Action                   |  1- 3 |  4- 6 |  7- 9 | 10-12 || total
-------------------------+-------+-------+-------+-------++-------
Melee: War axe           |    66 |   210 |   331 |    95 ||   702
       Headbutt          |     5 |    26 |    61 |    20 ||   112
Evoke: Wand              |       |       |    21 |     1 ||    22
  Use: Scroll            |       |       |     5 |       ||     5
  Eat: Chunk             |       |     8 |    14 |     2 ||    24
       Ration            |       |       |     1 |     1 ||     2
Armor: Scale mail        |    13 |     3 |       |       ||    16
       Chain mail        |       |    88 |       |       ||    88
       Plate armour      |       |       |   177 |    43 ||   220
Dodge: Dodged            |    17 |    46 |    64 |    25 ||   152
Block: Shield            |    32 |    91 |   172 |    54 ||   349
